 Dungeon Crawl Stone Soup version 0.31-b1-22-gc680215f68 (webtiles) character file.

Game seed: 987545267624012466

4225 unlimited1921 the Thaumaturge (level 10, -17/65 HPs)
             Began as a Djinni Fire Elementalist on Jan 19, 2024.
             Was an Initiate of Ashenzari.
             Killed by the air
             ... invoked by Gastronok
              (32 damage)
             ... on level 8 of the Dungeon.
             The game lasted 00:36:47 (14973 turns).

unlimited1921 the Thaumaturge (DjFE)               Turns: 14973, Time: 00:36:48

Health: -17/65     AC: 11    Str:  7    XL:     10   Next: 55%
Gold:   231        EV: 14    Int: 25    God:    Ashenzari [......] SH:  5 Dex: 13

rFire   + + .        t - +6 long sword of the Philosopher {holy, ^Drain Will++ Stlth+}
rCold   x . .        L - orb {mayhem}
rNeg    + . .        M - +2 robe {rN+}
rPois   ∞            u - +2 helmet {Int+3}
rElec   .            i - +2 cloak
rCorr   .            v - +0 pair of gloves
SInv    .            (boots unavailable)
Will    +++..        y - amulet of reflection
Stlth   ++++         (no ring)
HPRegen 0.30/turn    (no ring)
MPRegen 0.00/turn

%: mayhem, reflection, infuse magic (-18 HP)
@: flying
A: sickness immunity, fire resistance 2, cold vulnerability 1, float, innate
caster, HP casting, extra vitality 1
a: Renounce Religion, Curse Item


You were on level 8 of the Dungeon.
You worshipped Ashenzari.
Ashenzari was noncommittal.
You visited 2 branches of the dungeon, and saw 9 of its levels.

You collected 366 gold pieces.
You spent 135 gold pieces at shops.

Inventory:

Hand Weapons
 f - the +8 trident of the Octopus King {venom, rElec rPois}
   (You found it on level 7 of the Dungeon)

   rElec:     It insulates you from electricity.
   rPois:     It protects you from poison
 t - the +6 long sword of the Philosopher (weapon) {holy, ^Drain Will++ Stlth+}
   (You found it on level 3 of the Dungeon)

   Will++:    It greatly increases your willpower.
   ^Drain:    It drains your maximum health when unequipped.
   Stlth+:    It makes you more stealthy.
 K - a +2 trident of draining
Missiles
 k - 6 poisoned darts
 m - 2 throwing nets
Armour
 b - a scarf of invisibility
 i - a +2 cloak (worn)
 u - a +2 helmet of intelligence (worn)
 v - a +0 pair of gloves (worn)
 I - a +0 cloak
 L - an orb of mayhem (worn)
 M - a +2 robe of positive energy (worn)
Jewellery
 y - an amulet of reflection (around neck)
 E - an amulet of reflection
Talismans
 a - a maw talisman
 d - a talisman of death
 H - a storm talisman
Wands
 x - a wand of light (6)
 B - a wand of charming (18) (quivered)
 D - a wand of roots (3)
Scrolls
 e - a scroll of brand weapon {unknown}
 l - 2 scrolls of summoning {unknown}
 n - 3 scrolls of teleportation
 q - a scroll of blinking
 r - a scroll of revelation
 w - a scroll of fog
 A - 2 scrolls of immolation {unknown}
 G - 2 scrolls of fear
Potions
 c - a potion of mutation {unknown}
 g - a potion of enlightenment {unknown}
 h - a potion of lignification
 j - 5 potions of haste {unknown}
 o - 2 potions of magic {unknown}
 p - 2 potions of brilliance {unknown}
 s - 2 potions of invisibility
 z - 2 potions of degeneration {unknown}
 C - a potion of heal wounds
 F - 3 potions of curing {unknown}
 J - a potion of might {unknown}


   Skills:
 + Level 2.7 Fighting
 - Level 1.7 Long Blades
 + Level 6.1 Dodging
 + Level 5.9 Stealth
 + Level 0.3 Shields
 + Level 0.5 Unarmed Combat
 + Level 9.6 Spellcasting
 + Level 9.6 Conjurations
 + Level 9.6 Hexes
 + Level 9.6 Summonings
 + Level 9.6 Necromancy
 + Level 9.6 Translocations
 + Level 9.6 Fire Magic
 + Level 9.6 Ice Magic
 + Level 9.6 Air Magic
 + Level 9.6 Earth Magic
 + Level 9.6 Alchemy


You knew the following spells:

 Your Spells              Type           Power      Damage    Failure   Level
a - Foxfire               Conj/Fire      100%       2x1d9     1%          1
b - Scorch                Fire           100%       2d9       1%          2
c - Volatile Blastmotes   Fire/Tloc      100%       2d18      1%          3
d - Inner Flame           Hex/Fire       56%        N/A       1%          3
e - Flame Wave            Conj/Fire      56%        2d13      1%          4
f - Necrotise             Necr           100%       1d9       1%          1
g - Ensorcelled Hibernat  Hex/Ice        100%       N/A       1%          2
h - Dazzling Flash        Conj/Hex       100%       N/A       1%          3
i - Teleport Other        Tloc           56%        N/A       1%          3
Your spell library was empty.

Dungeon Overview and Level Annotations

Branches:
Dungeon (8/15)             Temple (1/1) D:6
   Lair: D:8-11

Altars:
Ashenzari
Cheibriados
Dithmenos
Elyvilon
Fedhas
Gozag
Hepliaklqana
Nemelex Xobeh
Okawaru
Qazlal
Ru
Trog
Uskayaw
Wu Jian
Xom
Yredelemnul
Zin
The Shining One

Shops:
D:3 *   D:6 *

Annotations:
D:5 Eustachio
D:8 Gastronok


Innate Abilities, Weirdness & Mutations

You are immune to sickness and miasma.
You are immune to poison.
Your flesh is very heat resistant. (rF++)
You are vulnerable to cold. (rC-)
You float through the air rather than walking.
You learn spells naturally, not from books.
Your magical power is your life essence.
You have superior vitality. (+4 MHP)


Message History

The foxfire hits the centaur warrior zombie.
The centaur warrior zombie is moderately damaged.
Gastronok waves his eye-stalks in wide circles.
The air twists around and strikes you!
* * * LOW HITPOINT WARNING * * *
A bullfrog comes into view.
Found a stone staircase leading down.
The foxfire hits the river rat.
The river rat is almost dead.
The foxfire hits the river rat.
You kill the river rat!
The river rat's corpse disappears in a puff of smoke!
Casting: Foxfire (safe; 1% risk of failure)
Confirm with . or Enter, or press ? or * to list all spells.
Flames lash the centaur warrior zombie.
The centaur warrior zombie is moderately damaged.
The centaur warrior zombie's fire resistance burns away.
* * * LOW HITPOINT WARNING * * *
A bullfrog comes into view.
Gastronok casts a spell.
As you read the scroll of fear, it crumbles to dust.
You assume a fearsome visage.
The quokka looks frightened! x3
The centaur warrior zombie is unaffected.
Gastronok resists with some effort.
The bullfrog resists with some effort.
The bullfrog looks frightened!
The centaur warrior zombie closely misses you. x2
Found 15 gold pieces.
The bullfrog closely misses you. The bullfrog barely misses you.
Aiming: Charm
Press: ? - help, Q - select action, (/) - cycle Shift-Dir - straight line, f/p - Gastronok
Aim: Gastronok, wearing a +2 hat (inner flame, chance to affect: 7%)
The centaur warrior zombie resists with significant effort.
The centaur warrior zombie hits you but does no damage.
The centaur warrior zombie closely misses you.
The bullfrog barely misses you.
The centaur warrior zombie closely misses you.
The centaur warrior zombie kicks you but does no damage.
Gastronok waves his eye-stalks in wide circles.
The air twists around and strikes you!!
You die...
Gastronok gurgles, "Time to dig in!"

....... .......
....... ....... #
.$..... ...######
....?..
........###......#
.8.......Z@.#
...P.......F.....#
...w............>#
.......^..........
§............#....
8............#....
..................
............... ..


You could see Gastronok (inner flame), a bullfrog and a centaur warrior zombie
(combustible).

Vanquished Creatures
  Maurice (D:7)
  Jeremiah (D:6)
  6 yaks (D:5)
  A steam dragon (D:6)
  2 water moccasins
  2 sky beasts (D:7)
  3 black bears
  2 ogres
  A centaur (D:7)
  3 phantoms
  Blork the orc (D:5)
  A bullfrog (D:6)
  2 scorpions
  3 wights (D:8)
  3 howler monkeys
  A bombardier beetle (D:3)
  5 hounds
  3 sleepcaps
  2 orc priests (D:7)
  Crazy Yiuf (D:5)
  Ijyb (D:5)
  3 iguanas
  3 orc wizards
  7 adders
  A shadow imp (D:8)
  2 white imps
  4 ufetubi (D:5)
  A ribbon worm (D:2)
  4 dart slugs
  12 orcs
  4 bats
  11 endoplasms
  4 giant cockroaches
  8 goblins
  7 hobgoblins
  5 quokkas
  6 ball pythons
  2 frilled lizards (D:2)
  7 kobolds
  5 rats
141 creatures vanquished.

Vanquished Creatures (collateral kills)
  A warg (D:8)
  A wolf (D:8)
  An orc priest (D:8)
  A shadow imp (D:8)
  2 foxfires (D:3)
6 creatures vanquished.

Vanquished Creatures (others)
  A wraith (D:8)
  710 foxfires
711 creatures vanquished.

Grand Total: 858 creatures vanquished

Notes
Turn   | Place    | Note
-------+----------+-------------------------------------------
     0 | D:1      | unlimited1921 the Djinni Fire Elementalist began the quest
                  | for the Orb.
     0 | D:1      | unlimited1921 set off with the following spells memorised:
                  | Foxfire, Scorch, Volatile Blastmotes, Inner Flame, Flame
                  | Wave.
     0 | D:1      | Reached XP level 1. HP: 15/15 MP: 0/0
   372 | D:1      | Reached XP level 2. HP: 15/21 MP: 0/0
  1571 | D:1      | Reached XP level 3. HP: 17/25 MP: 0/0
  1571 | D:1      | Learned a level 1 spell: Necrotise
  2844 | D:2      | Reached XP level 4. HP: 7/31 MP: 0/0
  3881 | D:2      | Reached XP level 5. HP: 32/35 MP: 0/0
  3881 | D:2      | Learned a level 2 spell: Ensorcelled Hibernation
  5131 | D:3      | Found Jeuzent's Assorted Antiques.
  5134 | D:3      | Bought a scroll labelled JIAXUM LEMOTAT for 25 gold pieces
  5134 | D:3      | Bought a murky inky potion for 22 gold pieces
  5181 | D:3      | Found a hazy altar of Hepliaklqana.
  5552 | D:3      | Identified the +6 long sword of the Philosopher {holy,
                  | ^Drain Will++ Stlth+}
  6284 | D:4      | Reached XP level 6. HP: 36/40 MP: 0/0
  6418 | D:4      | Noticed a black bear
  6423 | D:4      | Noticed a water moccasin
  6426 | D:4      | Killed a water moccasin
  6427 | D:4      | Reached XP level 7. HP: 21/46 MP: 0/0
  6427 | D:4      | Learned a level 3 spell: Dazzling Flash
  6429 | D:4      | Reached skill level 5 in Spellcasting
  6429 | D:4      | Reached skill level 5 in Conjurations
  6429 | D:4      | Reached skill level 5 in Hexes
  6429 | D:4      | Reached skill level 5 in Summonings
  6429 | D:4      | Reached skill level 5 in Necromancy
  6429 | D:4      | Reached skill level 5 in Translocations
  6429 | D:4      | Reached skill level 5 in Fire Magic
  6429 | D:4      | Reached skill level 5 in Ice Magic
  6429 | D:4      | Reached skill level 5 in Air Magic
  6429 | D:4      | Reached skill level 5 in Earth Magic
  6429 | D:4      | Reached skill level 5 in Alchemy
  6581 | D:4      | Reached skill level 1 in Fighting
  7119 | D:4      | Reached skill level 1 in Long Blades
  7460 | D:5      | Entered Level 5 of the Dungeon
  7497 | D:5      | Reached XP level 8. HP: 44/52 MP: 0/0
  8287 | D:5      | Noticed a yak
  8288 | D:5      | Noticed a yak
  8288 | D:5      | Noticed a yak
  8289 | D:5      | Noticed a yak
  8290 | D:5      | Noticed a yak
  8291 | D:5      | Noticed a yak
  8292 | D:5      | Killed a yak
  8293 | D:5      | Killed a yak
  8293 | D:5      | Noticed Ijyb
  8299 | D:5      | Killed a yak
  8299 | D:5      | Killed a yak
  8300 | D:5      | Reached XP level 9. HP: 19/58 MP: 0/0
  8300 | D:5      | Learned a level 3 spell: Teleport Other
  8644 | D:5      | Killed Ijyb
  9036 | D:5      | Noticed Blork the orc
  9039 | D:5      | Killed Blork the orc
  9040 | D:5      | Reached skill level 5 in Stealth
  9555 | D:5      | Found a white marble altar of Elyvilon.
  9563 | D:5      | Reached skill level 5 in Dodging
  9782 | D:5      | Found a blossoming altar of Fedhas.
  9784 | D:5      | Found an opulent altar of Gozag.
  9911 | D:5      | Found a runed translucent door.
  9912 | D:5      | Noticed Crazy Yiuf
  9918 | D:5      | Killed Crazy Yiuf
 10251 | D:5      | Noticed Eustachio
 10555 | D:6      | Found Jomeffim's General Store.
 10561 | D:6      | Bought a scroll of identify for 22 gold pieces
 10561 | D:6      | Bought a scroll of fear for 44 gold pieces
 11106 | D:6      | Found a staircase to the Ecumenical Temple.
 11158 | Temple   | Entered the Ecumenical Temple
 11171 | Temple   | Became a worshipper of Ashenzari the Shackled
 11200 | D:6      | Noticed Jeremiah
 11227 | D:6      | Killed Jeremiah
 11948 | D:6      | Reached XP level 10. HP: 61/65 MP: 0/0
 12397 | D:6      | Bought a scroll of identify for 22 gold pieces
 12734 | D:7      | Noticed Maurice
 12748 | D:7      | Something stole a storm talisman
 12750 | D:7      | Something stole 6 poisoned darts
 12759 | D:7      | Killed Maurice
 14215 | D:7      | Found the +8 trident of the Octopus King {venom, rElec
                  | rPois}
 14959 | D:8      | Noticed Gastronok
 14973 | D:8      | Killed from afar by Gastronok

Illustrated notes

Levels and vault maps discovered:
D:1:      dpeg_arrival_tiny_i, layout_loops_ring
D:2:      layout_basic, basic_altar, minmay_pentomino_w2
D:3:      layout_rooms, mainiacjoe_overflow_boulevard, serial_shops,
          nicolae_shop_real_fake_doors
D:4:      layout_basic
D:5:      layout_rooms, nicolae_overflow_hidden_temple, corexii_checkpoint,
          uniq_blork_the_orc, uniq_eustachio, uniq_ijyb, uniq_crazy_yiuf_cottage
D:6:      layout_gridville, minmay_temple_entry_stoned_glass, serial_shops,
          shop, uniq_jeremiah
D:7:      layout_basic, uniq_maurice
D:8:      cheibrodos_grave_circle, layout_cave_pods,
          chequers_temple_overflow_statue_of_worship, erik_lair_orcish_takeover,
          hangedman_decor_points, chequers_serial_rivers_small_3,
          uniq_gastronok, uniq_pikel, uniq_erica
Temple:   regret_index_temple_sphere_string

Skill      XL: |  1  2  3  4  5  6  7  8  9 10 |
---------------+-------------------------------+-----
Stealth        | 2 3 4 5 |  5.9
Dodging        | 3 4 5 6 |  6.1
Spellcasting   | 4 5 7 8 9 |  9.6
Conjurations   | 4 5 7 8 9 |  9.6
Hexes          | 4 5 7 8 9 |  9.6
Summonings     | 4 5 7 8 9 |  9.6
Necromancy     | 4 5 7 8 9 |  9.6
Translocations | 4 5 7 8 9 |  9.6
Fire Magic     | 4 5 7 8 9 |  9.6
Ice Magic      | 4 5 7 8 9 |  9.6
Air Magic      | 4 5 7 8 9 |  9.6
Earth Magic    | 4 5 7 8 9 |  9.6
Alchemy        | 4 5 7 8 9 |  9.6
Fighting       | 1 2 |  2.7
Long Blades    | 1 |  1.7
Shields        | |  0.3
Unarmed Combat | |  0.5

Action                     |  1- 3 |  4- 6 |  7- 9 | 10-12 || total
---------------------------+-------+-------+-------+-------++-------
  Melee: Unarmed           |     6 |       |       |       ||     6
         Long sword        |       |     5 |     7 |     3 ||    15
   Cast: Foxfire           |    66 |   116 |   156 |    94 ||   432
         Scorch            |    14 |     4 |    24 |    11 ||    53
         Necrotise         |     3 |       |       |       ||     3
         Inner Flame       |       |     1 |    13 |     4 ||    18
         Volatile Blastmot |       |       |     3 |     3 ||     6
         Dazzling Flash    |       |       |     3 |     1 ||     4
  Evoke: Wand              |       |       |       |     1 ||     1
    Use: Scroll            |       |     1 |     4 |     6 ||    11
 Armour: Robe              |    15 |     6 |    15 |    23 ||    59
  Dodge: Dodged            |    10 |     7 |    21 |    19 ||    57
  Block: Other             |       |       |     1 |       ||     1
